 Dungeon Crawl Stone Soup version 0.21.0-24-g2553a33 (webtiles) character file.

242260 Suckerboh the Ruinous (level 19, -3/95 HPs)
             Began as a Deep Elf Fire Elementalist on Jan 19, 2018.
             Was the Champion of Vehumet.
             Killed from afar by a lindwurm (glowing shapeshifter) (42 damage)
             ... with a blast of flame
             ... on level 3 of the Vaults.
             The game lasted 02:27:48 (40297 turns).

Suckerboh the Ruinous (Deep Elf Fire Elementalist) Turns: 40297, Time: 02:27:48

Health: -3/95      AC: 14    Str:  8    XL:     19   Next: 9%
Magic:  26/89      EV: 16    Int: 38    God:    Vehumet [******]
Gold:   1142       SH: 11    Dex: 21    Spells: 13/60 levels left

rFire    . . .     SeeInvis .   a - staff of power
rCold    + . .     Gourm    +   E - +1 shield of the Kraken {Dex+3 Stlth+}
rNeg     + + .     Faith    .   F - +1 leather armour of Vehumet's Scorn {rPois rC+ rN+ Str+3}
rPois    +         Spirit   .   J - +3 hat of Pondering {ponderous, MR+ MP+10 Int+5}
rElec    .         Reflect  .   G - +1 cloak {+Inv}
rCorr    .         Harm     .   s - +1 pair of gloves
MR       ++...                  i - +2 pair of boots
Stlth    ++........             C - amulet of the gourmand
HPRegen  0.25/turn              X - ring of Amelioration {rN+ MP+9 Int+4}
MPRegen  0.51/turn              y - ring of the Empty Page {+Blink MP+9 Dex+3 Stlth-}

@: studying Ice Magic, slow
A: no striking features
}: 1/15 runes: decaying
a: Renounce Religion, Evoke Blink, Evoke Invisibility


You were on level 3 of the Vaults.
You worshipped Vehumet.
Vehumet was exalted by your worship.
You were very full.

You visited 7 branches of the dungeon, and saw 32 of its levels.
You also visited: Ice Cave and Desolation.

You collected 3010 gold pieces.
You spent 1868 gold pieces at shops.

Inventory:

Armour
 i - a +2 pair of boots (worn)
 r - +2 acid dragon scales
 s - a +1 pair of gloves (worn)
 E - the +1 shield of the Kraken (worn) {Dex+3 Stlth+}
   (You found it on level 6 of the Dungeon)

   It affects your dexterity (+3).
   It makes you more stealthy.
 F - the +1 leather armour of Vehumet's Scorn (worn) {rPois rC+ rN+ Str+3}
   (You found it on level 7 of the Dungeon)

   It affects your strength (+3).
   It protects you from cold.
   It protects you from poison.
   It protects you from negative energy.
 G - a +1 cloak of invisibility (worn)
 J - the +3 hat of Pondering (worn) {ponderous, MR+ MP+10 Int+5}
   (You took it off Gastronok on level 8 of the Dungeon)

   It affects your intelligence (+5).
   It affects your resistance to hostile enchantments.
   It affects your magic capacity (+10).
 M - a +2 robe of fire resistance
 Y - a +2 robe of magic resistance
Magical Staves
 a - an uncursed staff of power (weapon)
 b - an uncursed staff of fire
Jewellery
 m - an uncursed ring of see invisible
 o - an uncursed ring of fire
 t - an uncursed ring of flight
 y - the ring of the Empty Page (right hand) {+Blink MP+9 Dex+3 Stlth-}
   (You found it in the Desolation of Salt)

   [ring of magical power]

   It affects your dexterity (+3).
   It affects your magic capacity (+9).
   It lets you blink.
   It makes you less stealthy.
 z - the ring "Reac" {rC+ MR+ Str+4}
   (You took it off an imperial myrmidon in the Desolation of Salt)

   [ring of protection from magic]

   It affects your strength (+4).
   It protects you from cold.
   It affects your resistance to hostile enchantments.
 C - an amulet of the gourmand (around neck)
 W - an uncursed ring of resist corrosion
 X - the ring of Amelioration (left hand) {rN+ MP+9 Int+4}
   (You bought it in a shop on level 2 of the Orcish Mines)

   [ring of magical power]

   It affects your intelligence (+4).
   It protects you from negative energy.
   It affects your magic capacity (+9).
 Z - an uncursed ring of positive energy
Wands
 w - a wand of iceblast (15)
 N - a wand of disintegration (24)
 P - a wand of acid (29)
 U - a wand of digging (49)
Scrolls
 d - 4 scrolls of blinking
 e - a scroll of holy word
 f - 8 scrolls of teleportation
 h - 3 scrolls of enchant armour
 j - 3 scrolls of fear
 k - a scroll of summoning
 n - 12 scrolls of remove curse
 q - 9 scrolls of identify
 A - 5 scrolls of amnesia
 B - 7 scrolls of fog
 D - a scroll of silence
Potions
 l - 7 potions of flight
 p - 10 potions of curing
 u - 8 potions of haste
 v - 3 potions of ambrosia
 x - 7 potions of agility
 H - a potion of magic
 I - 4 potions of heal wounds
 K - 2 potions of resistance
 L - a potion of berserk rage
 O - 4 potions of mutation
 Q - 6 potions of brilliance
 R - 3 potions of invisibility
 T - 2 potions of cancellation
Books
 g - a manual of Ice Magic
 V - Famamusa's Disquisition on Flying Attacks
   (You found it in the Desolation of Salt)

   Spells                             Type                      Level
   a - Conjure Flame                  Conjuration/Fire             3
   b - Summon Lightning Spire         Summoning/Air                4
   c - Irradiate                      Conjuration/Transmutation    5
   d - Freezing Cloud                 Conjuration/Ice/Air          6
Miscellaneous
 S - a phantom mirror
Comestibles
 c - 51 rations


   Skills:
 + Level 2.9 Fighting
   Level 0.5 Short Blades
   Level 0.1 Axes
 + Level 0.1 Staves
 + Level 3.2 Armour
 + Level 7.4 Dodging
 - Level 2.4 Stealth
 * Level 7.2 Shields
 + Level 21.4 Spellcasting
 + Level 22.9 Conjurations
 * Level 17.2 Fire Magic
 - Level 0.2 Air Magic
 - Level 1.7 Poison Magic
 + Level 0.3 Evocations


You had 13 spell levels left.
You knew the following spells:

 Your Spells              Type           Power        Failure   Level  Hunger
a - Flame Tongue          Conj/Fire      #####        0%          1    None
b - Conjure Flame         Conj/Fire      ########     0%          3    None
c - Sticky Flame          Conj/Fire      ########     0%          4    None
d - Fireball              Conj/Fire      ########..   0%          5    None
e - Mephitic Cloud        Conj/Pois/Air  #######.     1%          3    None
f - Shock                 Conj/Air       ####         0%          1    None
g - Ignite Poison         Fire/Tmut/Pois ######..     1%          3    None
h - Iskenderun's Battles  Conj/Chrm      #######.     1%          5    None
i - Iskenderun's Mystic   Conj           ########     0%          4    None
j - Bolt of Fire          Conj/Fire      ########..   1%          6    None
k - Regeneration          Chrm/Necr      #####.....   7%          3    None
l - Fire Storm            Conj/Fire      ########..   12%         9    ####...


Dungeon Overview and Level Annotations

Branches:
Dungeon (15/15)            Temple (1/1) D:7            Lair (6/6) D:11
  Swamp (4/4) Lair:4       Spider (1/4) Lair:4        Slime (0/5) Lair:5
    Orc (2/2) D:10            Elf (0/3) Orc:2        Vaults (3/5) D:14
  Crypt (0/3) Vaults:2     Depths (0/5) D:15

Altars:
Cheibriados
Dithmenos
Elyvilon
Hepliaklqana
Kikubaaqudgha
Makhleb
Nemelex Xobeh
Okawaru
Qazlal
Ru
Sif Muna
Vehumet
Xom
Yredelemnul
Zin
The Shining One
Jiyva

Shops:
D:4 }*   D:15 !   Orc:2 }!=%   Vaults:1 ?   Vaults:2 !

Annotations:
Lair:5 1 runed door


Message History

The orb of energy hits the lindwurm.
The lindwurm is moderately wounded.
The lindwurm roars!
Casting: Iskenderun's Mystic Blast
Confirm with . or Enter, or press ? or * to list all spells.
Aiming: Iskenderun's Mystic Blast
Press: ? - help, Shift-Dir - straight line, f/p - lindwurm
Aim: a lindwurm (moderately wounded)
The orb of energy hits the lindwurm.
The lindwurm is almost dead.
Casting: Iskenderun's Mystic Blast
Confirm with . or Enter, or press ? or * to list all spells.
Aiming: Iskenderun's Mystic Blast
Press: ? - help, Shift-Dir - straight line, f/p - lindwurm
Aim: a lindwurm (almost dead)
The orb of energy hits the lindwurm.
The lindwurm is almost dead.
The lindwurm breathes flames at you. The blast of flame hits you!
You die...

....#........+....#
################### #### #
#..# .# #..##. ....
###################'######+#
..............(.@†))))..L...
.................(...k......
............................
...............)............
......................).....
######'###################..
#.....# #.###.# #.#C#.#


You could see a lindwurm.

Vanquished Creatures
  Nikola (Swamp:2)
  A lich (Vaults:3)
  A sphinx (Vaults:1)
  Gastronok (D:8)
  3 thorn hunters (Swamp:4)
  2 frost giants
  2 deep elf sorcerers (Vaults:2)
  2 imperial myrmidons (Desolation)
  A ghoul (Vaults:2)
  3 vault wardens
  4 ironheart preservers
  3 stone giants (Vaults:2)
  A vampire knight (Vaults:2)
  7 very ugly things (Vaults:1)
  An entropy weaver (Vaults:3)
  A deep elf demonologist (Vaults:1)
  A dire elephant (Lair:6)
  4 halazid warlocks (Desolation)
  A deep elf annihilator (Vaults:1)
  An ettin (Vaults:3)
  A fire dragon (Vaults:3)
  A great orb of eyes (Vaults:2)
  3 yaktaur captains
  Fannar (Lair:1)
  4 servants of whispers (Desolation)
  6 ragged hierophants (Desolation)
  A rakshasa (D:15)
  Josephine (D:11)
  8 vault guards (D:14)
  5 ice dragons
  6 peacekeepers (Desolation)
  Erica (Orc:1)
  A catoblepas (Lair:6)
  17 hydras
  6 centaur warriors
  A ghost crab (Swamp:3)
  3 death knights
  24 two-headed ogres
  6 ogre magi
  6 alligators
  3 deep troll shamans
  A vampire mage (Vaults:2)
  2 deep troll earth magi (Vaults:1)
  3 death yaks (Lair:6)
  5 orc high priests (Orc:2)
  Urug (Lair:5)
  5 deep elf knights
  4 skeletal warriors (Vaults:1)
  4 spriggan druids
  A death drake (shapeshifter) (D:15)
  2 wizards
  A deep troll (Vaults:1)
  A glowing orange brain (D:15)
  2 unseen horrors
  16 swamp dragons
  8 ironbrand convokers
  3 deep elf archers
  4 shambling mangroves
  7 harpies
  11 deep elf magi
  2 wolf spiders
  Pikel (D:7)
  A necromancer (Vaults:3)
  7 orc knights
  2 orc sorcerers
  6 cyclopes
  30 ugly things
  A manticore (shapeshifter) (D:12)
  11 elephants
  The ghost of matthes123 the Geomancer, a novice GrEE (D:6)
  4 black mambas
  2 ice statues
  Joseph (D:8)
  5 guardian serpents (Desolation)
  3 vault sentinels
  Psyche (D:8)
  2 kobold demonologists (D:12)
  6 centaur skeletons
  A molten gargoyle (Desolation)
  A gargoyle (D:12)
  14 spiny frogs
  A yaktaur (shapeshifter) (D:15)
  2 rime drakes
  A freezing wraith (Vaults:2)
  22 yaktaurs
  8 komodo dragons
  A tengu conjurer (D:13)
  A jumping spider (Lair:4)
  6 tyrant leeches
  13 hornets
  The ghost of Lanoc the Poker, an amateur MfBe of Trog (D:4)
  6 bog bodies
  7 trolls
  17 polar bears
  A wind drake (shapeshifter) (Vaults:1)
  A jumping spider (shapeshifter) (Vaults:1)
  43 saltlings (Desolation)
  20 blink frogs
  25 slime creatures
  13 dream sheep
  A blink frog (shapeshifter) (Vaults:1)
  11 hippogriffs
  7 shadows
  A stone giant simulacrum (Vaults:1)
  2 redbacks (Lair:4)
  4 spriggans
  A water elemental (D:13)
  8 wraiths
  2 wyverns
  3 basilisks
  32 yaks
  A steam dragon (shapeshifter) (D:15)
  A human (shapeshifter) (Vaults:2)
  4 hungry ghosts
  7 vampire mosquitoes
  A warg (D:10)
  15 swamp worms
  14 insubstantial wisps
  4 acid dragons
  13 water moccasins
  10 porcupines
  15 swamp drakes
  An ice beast (shapeshifter) (D:15)
  A necrophage (D:12)
  20 ogres
  30 orc warriors
  7 ice beasts
  4 black bears
  4 sky beasts
  An ettin simulacrum (Vaults:3)
  6 boggarts
  5 phantoms
  14 centaurs
  2 eyes of draining
  26 wolves
  12 crocodiles
  2 big kobolds
  18 bullfrogs
  A glowing shapeshifter simulacrum (Vaults:2)
  A gnoll sergeant (D:6)
  3 scorpions
  10 killer bees
  An electric eel (D:13)
  A wight (Vaults:2)
  6 howler monkeys
  A crimson imp (D:9)
  6 centaur zombies
  A bullfrog zombie (D:9)
  3 quasits
  10 hounds
  6 jellies
  25 orc priests
  2 bullfrog skeletons
  A gnoll shaman (D:4)
  5 iguanas
  20 orc wizards
  6 worker ants
  2 bullfrog simulacra (D:12)
  A hound zombie (D:8)
  A howler monkey zombie (D:11)
  7 gnolls
  17 adders
  An adder (shapeshifter) (D:15)
  3 shadow imps
  14 white imps
  7 oozes
  An adder zombie (D:7)
  3 worms
  6 leopard geckos
  76 orcs
  7 giant cockroaches
  11 hobgoblins
  8 jackals
  4 kobolds
  2 quokkas
  2 ball pythons (D:1)
  7 bats
  6 frilled lizards
  A giant cockroach zombie (D:5)
  11 goblins
  A jackal skeleton (D:8)
  A jackal zombie (D:6)
  2 quokka skeletons (D:4)
  10 rats
  3 fungi
  4 plants
1156 creatures vanquished.

Vanquished Creatures (collateral kills)
  A crystal guardian (Desolation)
  A servant of whispers (Desolation)
  A saltling (Desolation)
3 creatures vanquished.

Vanquished Creatures (others)
  A yak (D:13)
  A basilisk (D:13)
  A crocodile (Lair:4)
  A killer bee (D:7)
  A wight (D:13)
  A hound (D:13)
  An iguana (D:13)
  8 fungi
  2 plants
  4 toadstools (D:1)
21 creatures vanquished.

Grand Total: 1180 creatures vanquished

Notes
Turn   | Place    | Note
-------+----------+-------------------------------------------
     0 | D:1      | Suckerboh the Deep Elf Fire Elementalist began the quest for the Orb.
     0 | D:1      | Reached XP level 1. HP: 10/10 MP: 6/6
   640 | D:2      | Noticed a crimson imp
   694 | D:2      | Reached XP level 2. HP: 15/15 MP: 6/8
   812 | D:2      | Reached XP level 3. HP: 14/19 MP: 0/9
  1085 | D:2      | Reached skill level 2 in Conjurations
  1572 | D:2      | Found a sacrificial altar of Ru.
  1579 | D:2      | Reached XP level 4. HP: 24/24 MP: 2/11
  2314 | D:3      | Reached skill level 5 in Fire Magic
  2425 | D:3      | Reached skill level 3 in Conjurations
  2550 | D:3      | Reached XP level 5. HP: 28/28 MP: 12/12
  2650 | D:3      | Found a deep blue altar of Sif Muna.
  3222 | D:4      | Noticed Lanoc's ghost (amateur MfBe)
  3257 | D:3      | Learned a level 3 spell: Conjure Flame
  3262 | D:3      | Learned a level 4 spell: Sticky Flame
  3286 | D:4      | Found Jahof's Gadget Shoppe.
  3302 | D:4      | Found Gelyura's Assorted Antiques.
  3331 | D:4      | Bought a scroll labeled QEANTEMM SAST for 23 gold pieces
  3331 | D:4      | Bought a scroll labeled DUFUPR TIADO for 23 gold pieces
  3331 | D:4      | Bought a coppery potion for 20 gold pieces
  3331 | D:4      | Bought a grey potion for 20 gold pieces
  3362 | D:4      | Reached skill level 4 in Conjurations
  3393 | D:4      | Reached XP level 6. HP: 30/32 MP: 14/14
  3411 | D:4      | Learned a level 5 spell: Fireball
  3499 | D:4      | Reached skill level 5 in Conjurations
  3680 | D:4      | Found a white marble altar of Elyvilon.
  3719 | D:4      | Identified Witchery 101
  3756 | D:4      | Killed Lanoc's ghost
  3756 | D:4      | Reached skill level 5 in Spellcasting
  3756 | D:4      | Reached skill level 6 in Conjurations
  3756 | D:4      | Reached XP level 7. HP: 36/36 MP: 13/17
  4030 | D:5      | Entered Level 5 of the Dungeon
  4554 | D:5      | Reached XP level 8. HP: 36/41 MP: 11/19
  4837 | D:6      | Reached skill level 7 in Conjurations
  4951 | D:6      | Got a faintly glowing shield
  4982 | D:6      | Identified the +1 shield of the Kraken {Dex+3 Stlth+} (You found it on level 6 of the Dungeon)
  5150 | D:6      | Reached skill level 8 in Conjurations
  5332 | D:6      | Noticed matthes123's ghost (novice GrEE)
  5346 | D:6      | Killed matthes123's ghost
  5346 | D:6      | Reached skill level 1 in Fighting
  5346 | D:6      | Reached XP level 9. HP: 45/47 MP: 10/22
  5609 | D:7      | Got a translucent leather armour
  5945 | D:7      | Reached skill level 9 in Conjurations
  5963 | D:7      | Noticed Pikel
  5967 | D:7      | Killed Pikel
  6100 | D:7      | Identified the +1 leather armour of Vehumet's Scorn {rPois rC+ rN+ Str+3} (You found it on level 7 of the Dungeon)
  6312 | D:7      | Found a stormy altar of Qazlal.
  6419 | D:7      | Found a staircase to the Ecumenical Temple.
  6429 | Temple   | Entered the Ecumenical Temple
  6449 | Temple   | Became a worshipper of Vehumet
  6752 | D:8      | Noticed Joseph
  6753 | D:8      | Noticed a two-headed ogre
  6776 | D:8      | Killed Joseph
  6776 | D:8      | Reached skill level 10 in Conjurations
  6846 | D:8      | Killed a two-headed ogre
  6846 | D:8      | Reached XP level 10. HP: 21/53 MP: 23/25
  7222 | D:8      | Noticed Gastronok
  7660 | D:8      | Noticed Psyche
  7886 | D:8      | Learned a level 3 spell: Mephitic Cloud
  8160 | D:8      | Found a snail-covered altar of Cheibriados.
  8299 | D:8      | Killed Psyche
  8392 | D:8      | Found a shimmering altar of Xom.
  8630 | D:8      | Reached skill level 1 in Poison Magic
  8678 | D:8      | Reached skill level 5 in Dodging
  8710 | D:8      | Found a sparkling altar of Nemelex Xobeh.
  8710 | D:8      | Found a glowing golden altar of the Shining One.
  9020 | D:8      | Killed Gastronok
  9020 | D:8      | Reached skill level 10 in Spellcasting
  9020 | D:8      | Reached skill level 11 in Conjurations
  9559 | D:9      | Found a hazy altar of Hepliaklqana.
  9586 | D:9      | Reached skill level 1 in Shields
  9850 | D:9      | Reached * piety under Vehumet
  9850 | D:9      | Offered knowledge of Shock by Vehumet.
  9897 | D:9      | Learned a level 1 spell: Shock
 10117 | D:10     | Entered Level 10 of the Dungeon
 10238 | D:10     | Reached XP level 11. HP: 49/57 MP: 26/27
 10384 | D:10     | Found a staircase to the Orcish Mines.
 10956 | D:10     | Reached skill level 12 in Conjurations
 11005 | D:10     | Noticed an unseen horror
 11007 | D:10     | Killed an unseen horror
 11007 | D:10     | Reached ** piety under Vehumet
 11211 | D:10     | Offered knowledge of Throw Frost by Vehumet.
 12054 | D:11     | Found a staircase to the Lair.
 12070 | D:11     | Noticed Josephine
 12075 | D:11     | Killed Josephine
 12075 | D:11     | Reached skill level 10 in Fire Magic
 12120 | D:11     | Noticed an unseen horror
 12125 | D:11     | Killed an unseen horror
 12427 | D:11     | Noticed a cyan ugly thing
 12431 | D:11     | Killed a cyan ugly thing
 12431 | D:11     | Reached skill level 13 in Conjurations
 12716 | D:11     | Offered knowledge of Ignite Poison by Vehumet.
 12772 | D:11     | Learned a level 3 spell: Ignite Poison
 13040 | Orc:1    | Entered Level 1 of the Orcish Mines
 13101 | Orc:2    | Entered Level 2 of the Orcish Mines
 13112 | Orc:2    | Found a staircase to the Elven Halls.
 13114 | Orc:2    | Reached *** piety under Vehumet
 13226 | Orc:1    | Noticed an orc sorcerer
 13229 | Orc:1    | Killed an orc sorcerer
 13348 | Orc:1    | Noticed Erica
 13353 | Orc:1    | Killed Erica
 13353 | Orc:1    | Reached XP level 12. HP: 41/63 MP: 30/30
 14242 | Orc:2    | Noticed an orc high priest
 14244 | Orc:2    | Offered knowledge of Force Lance by Vehumet.
 14247 | Orc:2    | Killed an orc high priest
 14644 | Orc:2    | Reached **** piety under Vehumet
 14692 | Orc:2    | Reached skill level 14 in Conjurations
 14697 | Orc:2    | Offered knowledge of Iskenderun's Battlesphere by Vehumet.
 14710 | Orc:2    | Learned a level 5 spell: Iskenderun's Battlesphere
 14721 | Orc:2    | Noticed an orc high priest
 14730 | Orc:2    | Killed an orc high priest
 14837 | Orc:2    | Noticed an orc high priest
 14839 | Orc:2    | Killed an orc high priest
 14885 | Orc:2    | Noticed an orc high priest
 14888 | Orc:2    | Killed an orc high priest
 14936 | Orc:2    | Noticed an orc high priest
 14938 | Orc:2    | Killed an orc high priest
 15232 | Orc:2    | Found Feheg's Gadget Boutique.
 15232 | Orc:2    | Found Zifeobrufoo's Food Boutique.
 15233 | Orc:2    | Found Sistysue's Jewellery Shop.
 15233 | Orc:2    | Found Bisam's Distillery.
 15241 | Orc:2    | Bought a potion of heal wounds for 75 gold pieces
 15243 | Orc:2    | Bought the ring of Amelioration {rN+ MP+9 Int+4} for 673 gold pieces
 15272 | Orc:2    | Bought a potion of brilliance for 60 gold pieces
 15272 | Orc:2    | Bought a potion of haste for 150 gold pieces
 15489 | Lair:1   | Entered Level 1 of the Lair of Beasts
 15596 | Lair:1   | Noticed Fannar
 15599 | Lair:1   | Killed Fannar
 15603 | Lair:1   | Noticed a five-headed hydra
 15605 | Lair:1   | Killed a five-headed hydra
 15799 | Lair:1   | Noticed a five-headed hydra
 15865 | Lair:1   | Killed a five-headed hydra
 15865 | Lair:1   | Reached skill level 15 in Conjurations
 15865 | Lair:1   | Reached XP level 13. HP: 68/68 MP: 32/32
 16624 | Lair:1   | Reached ***** piety under Vehumet
 16624 | Lair:1   | Offered knowledge of Throw Icicle by Vehumet.
 18677 | Lair:4   | Found a staircase to the Swamp.
 18920 | Lair:4   | Reached skill level 16 in Conjurations
 19111 | Lair:4   | Found a hole to the Spider Nest.
 20093 | Lair:5   | Noticed Urug
 20098 | Lair:5   | Killed Urug
 20188 | Lair:5   | Reached skill level 15 in Spellcasting
 20226 | Lair:5   | Found a runed door.
 20227 | Lair:5   | Found a viscous altar of Jiyva.
 20227 | Lair:5   | Noticed an acid blob
 20311 | Lair:5   | Noticed an acid blob
 20481 | Lair:5   | Found a staircase to the Slime Pits.
 20552 | Lair:5   | Reached XP level 14. HP: 72/72 MP: 35/35
 21498 | Lair:6   | Entered Level 6 of the Lair of Beasts
 21546 | Lair:6   | Identified the Reference Book on Stolen Souls
 21573 | Lair:6   | Reached skill level 17 in Conjurations
 21749 | Lair:6   | Reached skill level 5 in Shields
 21753 | Lair:6   | Found a frozen archway.
 21759 | Lair:6   | Offered knowledge of Iskenderun's Mystic Blast by Vehumet.
 21887 | IceCv    | Entered an ice cave
 22837 | IceCv    | Noticed a frost giant
 22843 | IceCv    | Killed a frost giant
 23271 | Lair:6   | Learned a level 4 spell: Iskenderun's Mystic Blast
 23741 | Lair:6   | Reached skill level 18 in Conjurations
 24065 | Spider:1 | Entered Level 1 of the Spider Nest
 24100 | Swamp:1  | Entered Level 1 of the Swamp
 24493 | Swamp:1  | Offered knowledge of Lee's Rapid Deconstruction by Vehumet.
 24685 | Swamp:1  | Reached XP level 15. HP: 76/76 MP: 37/37
 25586 | Swamp:2  | Noticed Nikola
 25596 | Swamp:2  | Killed Nikola
 26395 | Swamp:3  | Reached skill level 19 in Conjurations
 27224 | Swamp:4  | Entered Level 4 of the Swamp
 27229 | Swamp:4  | Offered knowledge of Conjure Ball Lightning by Vehumet.
 27831 | Swamp:4  | Noticed a thorn hunter
 27834 | Swamp:4  | Killed a thorn hunter
 28331 | Swamp:4  | Noticed a thorn hunter
 28335 | Swamp:4  | Killed a thorn hunter
 28567 | Swamp:4  | Noticed a thorn hunter
 28569 | Swamp:4  | Killed a thorn hunter
 28569 | Swamp:4  | Reached XP level 16. HP: 81/81 MP: 39/39
 28637 | Swamp:4  | Got a decaying rune of Zot
 29302 | D:12     | Offered knowledge of Freezing Cloud by Vehumet.
 29376 | D:12     | Identified a scroll of acquirement
 29379 | D:12     | Got a brightly glowing helmet
 29380 | D:12     | Identified the -5 helmet "Bihoeshi" {Int-3 Dex+7} (You acquired it on level 12 of the Dungeon)
 29407 | D:12     | Reached skill level 20 in Conjurations
 29926 | D:12     | Learned a level 6 spell: Bolt of Fire
 30965 | D:13     | Found a shimmering altar of Xom.
 31150 | D:13     | Offered knowledge of Ozocubu's Refrigeration by Vehumet.
 31778 | D:14     | Found a gate to the Vaults.
 32133 | D:14     | Reached ****** piety under Vehumet
 32136 | D:14     | Reached skill level 15 in Fire Magic
 32598 | D:15     | Entered Level 15 of the Dungeon
 32683 | D:15     | Reached skill level 1 in Armour
 33157 | D:15     | Found a staircase to the Depths.
 33535 | D:15     | Found Ekobud's Distillery.
 33543 | D:15     | Bought a potion of mutation for 152 gold pieces
 33932 | Vaults:1 | Entered Level 1 of the Vaults
 34025 | Vaults:1 | Reached skill level 21 in Conjurations
 34120 | Vaults:1 | Found a ruined gateway.
 34144 | Desolati | Entered the Desolation of Salt
 34212 | Desolati | Reached XP level 17. HP: 46/86 MP: 42/42
 34671 | Desolati | Offered knowledge of Orb of Destruction by Vehumet.
 34872 | Desolati | HP: 3/86 [crystal guardian (30)]
 35055 | Desolati | Got a bound brass ring
 35064 | Desolati | Identified the ring "Reac" {rC+ MR+ Str+4} (You took it off an imperial myrmidon in the Desolation of Salt)
 35191 | Desolati | Found the +3 robe of Folly {Archmagi, MR-- Int+5}
 35196 | Desolati | Identified Famamusa's Disquisition on Flying Attacks
 35556 | Desolati | Identified the Incunabulum of Weightlessness and Transmigration
 36027 | Desolati | Got a scintillating amethyst amulet
 36029 | Desolati | Identified the amulet "Afunkair" {Harm *Drain MR++ Str+9 Int-3 Stlth-} (You found it in the Desolation of Salt)
 36051 | Desolati | Got a scintillating steel ring
 36054 | Desolati | Identified the ring of the Empty Page {+Blink MP+9 Dex+3 Stlth-} (You found it in the Desolation of Salt)
 36372 | Vaults:1 | Reached skill level 22 in Conjurations
 36376 | Vaults:1 | Offered knowledge of Lehudib's Crystal Spear by Vehumet.
 36376 | Vaults:1 | Offered knowledge of Fire Storm by Vehumet.
 36376 | Vaults:1 | Offered knowledge of Tornado by Vehumet.
 36708 | Vaults:1 | Reached XP level 18. HP: 83/91 MP: 44/44
 37415 | Vaults:1 | Found Cudin's Magic Scroll Boutique.
 37427 | Vaults:1 | Bought a scroll of teleportation for 51 gold pieces
 37427 | Vaults:1 | Bought a scroll of teleportation for 51 gold pieces
 37850 | Vaults:1 | Learned a level 3 spell: Regeneration
 38238 | Vaults:2 | Found a staircase to the Crypt.
 38386 | Vaults:2 | Found Ahaciuf's Distillery.
 38401 | Vaults:2 | Bought a potion of magic for 120 gold pieces
 38401 | Vaults:2 | Bought a potion of heal wounds for 75 gold pieces
 38401 | Vaults:2 | Bought a potion of heal wounds for 75 gold pieces
 38401 | Vaults:2 | Bought a potion of haste for 150 gold pieces
 38401 | Vaults:2 | Bought a potion of haste for 150 gold pieces
 39712 | Vaults:3 | Learned a level 9 spell: Fire Storm
 40266 | Vaults:3 | Noticed a lich
 40267 | Vaults:3 | Reached XP level 19. HP: 82/95 MP: 46/46
 40297 | Vaults:3 | Killed from afar by a lindwurm (glowing shapeshifter)

Skill      XL: |  1  2  3  4  5  6  7  8  9 10 11 12 13 14 15 16 17 18 |
---------------+-------------------------------------------------------+-----
Fire Magic     | 4 5 6 7 8 9 10 11 12 13 14 15 17 | 17.2
Conjurations   | 2 3 4 6 8 10 11 13 15 16 18 19 21 22 | 22.9
Spellcasting   | 4 5 6 7 9 10 12 13 15 16 17 19 20 21 | 21.4
Dodging        | 3 4 5 6 7 |  7.4
Fighting       | 1 2 |  2.9
Poison Magic   | 1 |  1.7
Shields        | 1 3 4 5 7 |  7.2
Armour         | 1 2 3 |  3.2
Short Blades   | |  0.5
Axes           | |  0.1
Staves         | |  0.1
Stealth        | |  2.4
Air Magic      | |  0.2
Evocations     | |  0.3

Action                   |  1- 3 |  4- 6 |  7- 9 | 10-12 | 13-15 | 16-18 | 19-21 || total
-------------------------+-------+-------+-------+-------+-------+-------+-------++-------
Melee: Unarmed           |     5 |     8 |       |       |       |       |       ||    13
       Hand axe          |       |       |    30 |       |       |       |       ||    30
       Dagger            |       |       |     8 |   273 |       |       |       ||   281
       Staff             |       |       |       |       |    12 |     9 |       ||    21
 Cast: Flame Tongue      |    58 |   141 |   129 |   370 |   209 |    39 |     6 ||   952
       Sticky Flame      |       |     3 |    21 |    70 |    97 |    17 |       ||   208
       Conjure Flame     |       |     1 |     1 |       |       |       |       ||     2
       Fireball          |       |       |     8 |   110 |   263 |   182 |     4 ||   567
       Mephitic Cloud    |       |       |       |     4 |       |       |       ||     4
       Iskenderun's Batt |       |       |       |     2 |     1 |       |       ||     3
       Iskenderun's Myst |       |       |       |       |   180 |   278 |     5 ||   463
       Shock             |       |       |       |       |     1 |       |       ||     1
       Ignite Poison     |       |       |       |       |     1 |       |       ||     1
       Bolt of Fire      |       |       |       |       |       |   177 |     6 ||   183
 Abil: Evoke Flight      |       |       |       |       |     2 |       |       ||     2
       Stop Flying       |       |       |       |       |     1 |       |       ||     1
Evoke: Wand              |       |       |       |     4 |       |     1 |       ||     5
  Use: Scroll            |       |       |     2 |    14 |    12 |    11 |       ||    39
       Potion            |       |       |     1 |     5 |     1 |     8 |     1 ||    16
 Stab: Sleeping          |       |     1 |       |     1 |       |       |       ||     2
  Eat: Chunk             |     1 |     8 |    10 |    36 |    39 |    38 |       ||   132
       Ration            |       |       |     1 |     2 |       |       |       ||     3
Armor: Robe              |     9 |    18 |    32 |       |       |       |       ||    59
       Leather armour    |       |       |     1 |   162 |    40 |    50 |     2 ||   255
Dodge: Dodged            |    31 |    31 |    89 |   302 |    79 |    65 |     2 ||   599
Block: Shield            |       |       |       |     1 |    74 |    75 |     4 ||   154
